AoeStats
← hitman_aoe

Arabian Desert

510368583Analyzed
1v1 RM · 17h ago on Sep 30, 2026· 29m 55s· 2 players
Game mode
Random Map
Map size
Tiny (2 player)
Population
200
Speed
Normal
Resources
Standard
Victory
Conquest
Starting age
Dark Age
Ending age
Imperial Age
RankedLock teamsTeams togetherTeam positionsShared explorationLock speedFull tech treeHidden civsTurbo modeCheats
Victory
Defeat
🇺🇸 Mapuche · United States
1644
+13
🇩🇪 Inca · Germany
1575
-13
Zarquisio
6:57 Loom
9:19 Feudal Age
9:51 Double-Bit Axe
9:37 Champi Runner
19:21 Scale Mail Armor
19:42 Scale Mail Armor
20:45 Horse Collar
21:30 Forging
28:21 Castle Age
28:40 Champi Warrior
30:20 Chain Mail Armor
hitman_aoe
7:20 Loom
9:34 Feudal Age
10:06 Double-Bit Axe
9:43 Champi Runner
14:18 Horse Collar
15:29 Scale Mail Armor
16:53 Forging
27:18 Castle Age
25:55 Gold Mining
26:34 Arson
27:20 Champi Warrior
28:22 Chain Mail Armor
Connection lost

Rejoining the realm…

Still unreachable

The connection could not be restored.

Session expired

The server has moved on; the page needs a fresh start.